 Dungeon Crawl Stone Soup version 0.31-a0-702-gf82c85558f (webtiles) character file.

Game seed: 1089351420987180393

44 qw the Shooter (level 3, -5/22 HPs)
             Began as a Gargoyle Hunter on Sept 7, 2023.
             Slain by Sigmund
             ... wielding a +0 scythe
              (7 damage)
             ... on level 2 of the Dungeon.
             The game lasted 00:00:21 (699 turns).

qw the Shooter (Gargoyle Hunter)                     Turns: 699, Time: 00:00:22

Health: -5/22      AC:  8    Str: 14    XL:     3   Next: 60%
Magic:  3/3        EV: 11    Int:  9    God:
Gold:   29         SH:  0    Dex: 15    Spells: 2/2 levels left

rFire   . . .        Y - +0 shortbow
rCold   . . .        (shield currently unavailable)
rNeg    + . .        c - +0 leather armour
rPois   inf          g - +1 helmet
rElec   +            (no cloak)
rCorr   .            (no gloves)
SInv    .            (no boots)
Will    .....        (no amulet)
Stlth   ++           (no ring)
HPRegen 0.23/turn    (no ring)
MPRegen 0.08/turn

%: no passive effects
@: no status effects
A: sickness immunity, AC +3, negative energy resistance 1, electricity
resistance, torment resistance 1, petrification resistance
a: no special abilities


You were on level 2 of the Dungeon.
You visited 1 branch of the dungeon, and saw 2 of its levels.

You collected 29 gold pieces.


Innate Abilities, Weirdness & Mutations

You are immune to sickness and miasma.
Your stone body is resilient. (AC +3)
You are immune to poison.
You resist negative energy. (rN+)
You are resistant to electric shocks. (rElec)
You are resistant to unholy torment.
You are immune to petrification.


   Skills:
 + Level 2.7 Fighting
 - Level 5.0 Ranged Weapons
 - Level 1.5 Dodging
 - Level 1.1 Stealth


You had 2 spell levels left.
You didn't know any spells.
Your spell library was empty.

Inventory:

Hand Weapons
 Y - a +0 shortbow (weapon)
Armour
 c - a +0 leather armour (worn)
 g - a +1 helmet (worn)
Potions
 a - a potion of magic {unknown}
 d - 2 potions of enlightenment
 i - a potion of haste {unknown}

Dungeon Overview and Level Annotations

Branches:
Dungeon (2/15)

Altars:
Dithmenos

Annotations:
D:2 Sigmund


Message History

Sigmund hits you from afar with a +0 scythe.
You shoot an arrow. The arrow hits Sigmund.
Sigmund is moderately wounded.
Sigmund hits you but does no damage.
You shoot an arrow.
The arrow closely misses the frilled lizard.
The arrow hits Sigmund!
Sigmund is heavily wounded.
The frilled lizard barely misses you.
Sigmund screams, "Don't try to resist!"
Sigmund barely misses you.
The frilled lizard completely misses you.
You shoot an arrow.
The arrow completely misses the frilled lizard.
The arrow hits Sigmund!
Sigmund is almost dead.
The frilled lizard barely misses you.
You shoot an arrow.
The arrow completely misses the frilled lizard.
The arrow hits Sigmund but does no damage.
Sigmund is almost dead.
Sigmund hits you from afar with a +0 scythe.
The frilled lizard bites you but does no damage.
You shoot an arrow. The arrow hits the frilled lizard.
You kill the frilled lizard!
Sigmund points at you and mumbles some strange words.
The magic dart hits you.
You shoot an arrow. The arrow barely misses Sigmund.
Sigmund mumbles some strange words.
Sigmund flickers and vanishes!
Deactivating autopickup; reactivate with Ctrl-A.
You shoot an arrow.
You hear some strange, mumbled words.
A puff of flame appears from out of thin air!
The puff of flame misses you.
You shoot an arrow. Something hits you.
You shoot an arrow. Something hits you!
You die...

...%..)..###).#
... .######..#
.(.. ...
##..### .####
.....###.?.# ..
.........#.# .#
.....###..%#
?......#%#..#
.$.......#..#
....?{.@.#..#
##.
......<......#
#..##
.............#
#..#.
.............#
#..#.
............##
#...
...........##
#...
...........#
#..
.......$...# #.
#.. #. ##.


There were no monsters in sight!

Vanquished Creatures
  2 adders (D:2)
  A worm (D:2)
  A dart slug (D:2)
  An endoplasm (D:2)
  2 goblins (D:2)
  2 hobgoblins
  2 ball pythons
  4 bats
  3 frilled lizards
  2 kobolds (D:2)
  5 rats
25 creatures vanquished.

Notes
Turn   | Place    | Note
-------+----------+-------------------------------------------
     0 | D:1      | qw the Gargoyle Hunter began the quest for the Orb.
     0 | D:1      | Reached XP level 1. HP: 12/12 MP: 1/1
     0 | D:1      | 0 ||| qw: Version: 0.3-a-76-g4403597
     0 | D:1      | 0 ||| qw: Game counter: 783
     0 | D:1      | 0 ||| qw: Melee chars always use a shield: true
     0 | D:1      | 0 ||| qw: God list: Okawaru
     0 | D:1      | 0 ||| qw: Allow faded altars: false
     0 | D:1      | 0 ||| qw: Do Orc after clearing Dungeon:15 true
     0 | D:1      | 0 ||| qw: Do second Lair branch before Depths: true
     0 | D:1      | 0 ||| qw: Lair rune preference: random
     0 | D:1      | 0 ||| qw: Goals: Normal
     0 | D:1      | 0 ||| PLANNING D:1-11
   553 | D:1      | Reached XP level 2. HP: 17/17 MP: 2/2
   569 | D:1      | You fall into a shaft and drop 1 floor!
   569 | D:2      | Found a shadowy altar of Dithmenos.
   602 | D:2      | Reached skill level 5 in Ranged Weapons
   602 | D:2      | Reached XP level 3. HP: 14/21 MP: 3/3
   628 | D:2      | 628 ||| UPGRADING to +1 helmet.
   633 | D:2      | 633 ||| READING scroll labelled CUSIOC CADAQE.
   634 | D:2      | 634 ||| READING scroll labelled JUXTYCSOKORI.
   635 | D:2      | 635 ||| READING scroll labelled UNADEO ITUESH.
   642 | D:2      | 642 ||| DRINKING 3 ruby potions.
   673 | D:2      | 673 ||| DROPPING scroll of butterflies.
   678 | D:2      | 678 ||| FLEEEEING.
   678 | D:2      | Noticed Sigmund
   698 | D:2      | HP: 2/22 [something (5)]
   699 | D:2      | Slain by Sigmund

Levels and vault maps discovered:
D:1:      ncdulo_wetmaze, layout_basic, serial_shops, nicolae_shop_behind_doors,
          chequers_serial_rivers_micro_e
D:2:      minmay_spotlight, layout_rooms, basic_altar, uniq_sigmund

Skill      XL: |  1  2 |
---------------+-------+-----
Ranged Weapons | 5 |  5.0
Fighting       | |  2.7
Dodging        | |  1.5
Stealth        | |  1.1

Action                     || total
---------------------------++-------
   Fire: Shortbow          ||    99
    Use: Scroll            ||     3
         Potion            ||     1
 Armour: Leather armour    ||    27
  Dodge: Dodged            ||    25

Table legend:
 A = Non-vault XP
 B = Vault XP
 C = Vault XP percentage of total XP
 D = Non-vault monster count
 E = Vault monster count
 F = Vault count percentage of total count
                 A         B        C        D         E       F
            +---------+---------+-------+---------+---------+-------
      Total |      59 |       4 |   6.3 |      23 |       2 |   8.0
            +---------+---------+-------+---------+---------+-------
        D:1 |      10 |       0 |   0.0 |       9 |       0 |   0.0
        D:2 |      49 |       4 |   7.5 |      14 |       2 |  12.5
            +---------+---------+-------+---------+---------+-------
